 Dungeon Crawl Stone Soup version 0.28-a0-1130-gc51a68064b (webtiles) character file.

Game seed: 16107655112969337360

1358 mandarbmax the Ruffian (level 8, -6/79 HPs)
             Began as a Troll Cinder Acolyte on Dec 13, 2021.
             Was an Elder of Ignis.
             Mangled by a gnoll shaman (7 damage)
             ... on level 6 of the Dungeon.
             The game lasted 00:09:03 (4990 turns).

mandarbmax the Ruffian (Troll Cinder Acolyte)       Turns: 4990, Time: 00:09:03

Health: -6/79      AC:  8    Str: 23    XL:     8   Next: 37%
Magic:  8/8        EV: 10    Int: 10    God:    Ignis [****..]
Gold:   3          SH:  0    Dex:  7    Spells: 9/9 levels left

rFire   + . .      SeeInvis .     - Unarmed
rCold   . . .      Faith    .   (no shield)
rNeg    + . .      Spirit   .   a - +1 robe
rPois   .          Reflect  .   (helmet restricted)
rElec   .          Harm     .   q - +2 cloak
rCorr   .          Rampage  .   (gloves unavailable)
Will    .....                   (boots unavailable)
Stlth   +.........              (no amulet)
HPRegen 1.03/turn               e - ring of positive energy
MPRegen 0.11/turn               (no ring)

@: rising, flying
A: large, unfitting armour, claws 3, regeneration 1, shaggy fur 1, tough skin 1
a: Renounce Religion, Fiery Armour, Foxfire Swarm


You were on level 6 of the Dungeon.
You worshipped Ignis.
Ignis was greatly pleased with you.
You visited 1 branch of the dungeon, and saw 6 of its levels.

You collected 177 gold pieces.
You spent 174 gold pieces at shops.

Inventory:

Missiles
 n - a curare-tipped dart
 o - 9 poisoned darts
Armour
 a - a +1 robe (worn)
 q - a +2 cloak (worn)
Jewellery
 e - a ring of positive energy (left claw)
Wands
 i - a wand of iceblast (11) (quivered)
Scrolls
 f - a scroll of vulnerability
 j - a scroll of enchant armour
 m - a scroll of fear
Potions
 c - 2 potions of magic
 g - a potion of lignification
 h - 2 potions of flight
 k - a potion of curing
 r - a potion of heal wounds {unknown}


   Skills:
 + Level 4.9 Fighting
 + Level 4.0 Dodging
 * Level 7.9 Unarmed Combat
 - Level 1.0 Spellcasting
 - Level 2.1 Fire Magic


You had 9 spell levels left.
You didn't know any spells.
Your spell library contained the following spells:

 Spells                   Type           Power      Damage    Failure   Level
 Scorch                   Fire           8%         2d5       22%         2
 Sting                    Tmut/Pois      0%         1d3       34%         1
 Corpse Rot               Necr/Air       0%         N/A       45%         2
 Poisonous Vapours        Pois/Air       0%         N/A       45%         2
 Sublimation of Blood     Necr           0%         N/A       45%         2
 Wereblood                Tmut           0%         N/A       45%         2
 Dazzling Flash           Conj/Hex       0%         N/A       71%         3
 Dispel Undead            Necr           0%         3d6       98%         4
 Olgreb's Toxic Radiance  Pois           0%         N/A       98%         4
 Agony                    Necr           0%         N/A       100%        5
 Silence                  Hex/Air        0%         N/A       100%        5
 Death Channel            Necr           0%         N/A       100%        6
 Summon Hydra             Summ           0%         N/A       100%        7


Dungeon Overview and Level Annotations

Branches:
Dungeon (6/15)             Temple (0/1) D:4

Altars:

Shops:
D:1 *   D:3 :   D:6 [

Annotations:
D:4 1 runed translucent door
D:6 Eustachio


Innate Abilities, Weirdness & Mutations

You are too large for most types of armour.
You have claws for hands.
Your natural rate of healing is unusually fast.
You are covered in fur. (AC +1)
You have tough skin. (AC +1)


Message History

The killer bee zombie hits you but does no damage.
The killer bee zombie hits you.
* * * LOW HITPOINT WARNING * * *
The hound bites you but does no damage.
The orc hits you from afar with a +0 trident.
* * * LOW HITPOINT WARNING * * *
The killer bee zombie hits you but does no damage.
The killer bee zombie hits you.
* * * LOW HITPOINT WARNING * * *
The bat hits you but does no damage. The hound bites you but does no damage.
The gnoll shaman hits you with a +0 club.
The killer bee zombie hits you but does no damage. x2
The orc hits you from afar with a +0 trident!
* * * LOW HITPOINT WARNING * * *
The bat barely misses you. The bat hits you. The killer bee zombie hits you.
* * * LOW HITPOINT WARNING * * *
The hound bites you.
* * * LOW HITPOINT WARNING * * *
The killer bee zombie hits you.
* * * LOW HITPOINT WARNING * * *
The gnoll shaman hits you with a +0 club.
* * * LOW HITPOINT WARNING * * *
The killer bee zombie hits you.
The orc hits you from afar with a +0 trident.
* * * LOW HITPOINT WARNING * * *
The hound bites you but does no damage.
You turn to flesh and can move again.
Unknown command.
Unknown command.
Unknown command.
Unknown command.
You begin to rise into the air.
The bat hits you but does no damage. The killer bee zombie hits you.
* * * LOW HITPOINT WARNING * * *
The killer bee zombie hits you but does no damage.
The killer bee zombie hits you.
* * * LOW HITPOINT WARNING * * *
The hound barely misses you.
The gnoll shaman hits you with a +0 club!
You die...

,**,**,,,*,,,*,,,*,,,*,****,*
,,,,,,,,,..,,..,,,.....# *,*
***,,,,*,..#,,.#,,.#...# *,*****
*,**,,*...#,..*,..#..* **,*,,,*
*,**,,,#..)#,.,#..=#,* *,,,,*,,
*,**,,*...#...#...#,.# *,**,,,*
***,**,*,..#...#...#...#**,******
,,,,**,,,......gZ.......,*,*
******,,,*,,,#.Z@#,,,*,*,*,*
*,,*,,,#Woh#b..#,,,,,,*
****,*,,,#..l#,..#...#,,,*
*,,,,,*...#..,*...#,.#,,,******
*,**,,,#...#,,,#...#,*,,,,,,,,,
*,**,,,....,,,,,.....,,,*******
*,**,,,.#.,,,,,,...#.#*,*
*,***,*,#*,,,,,,......,,****
*,***,*,**,,,,,,,,**,*,,,,,*


You could see a wraith, a gnoll shaman, an iguana, a hound, an orc, 2 killer bee
zombies and a bat (summoned).

Vanquished Creatures
  The ghost of Adrian566 the Covered, an amateur DsFi (D:4)
  A water moccasin (D:4)
  3 ogres
  A kobold brigand (D:4)
  A bullfrog (D:6)
  3 scorpions
  A water moccasin zombie (D:5)
  A bullfrog zombie (D:5)
  2 hounds (D:5)
  2 jellies
  Ijyb (D:3)
  A killer bee zombie (D:5)
  A hound skeleton (D:5)
  Robin (D:3)
  8 gnolls
  6 adders
  A river rat (D:4)
  2 ufetubi (D:5)
  2 worms
  3 dart slugs
  12 orcs
  4 bats
  7 endoplasms
  5 giant cockroaches
  13 goblins
  7 hobgoblins
  9 jackals
  24 kobolds
  2 quokkas
  6 ball pythons
  3 frilled lizards
  4 rats
138 creatures vanquished.

Vanquished Creatures (others)
  62 foxfires
  47 plants (D:4)
109 creatures vanquished.

Grand Total: 247 creatures vanquished

Notes
Turn   | Place    | Note
-------+----------+-------------------------------------------
     0 | D:1      | mandarbmax the Troll Cinder Acolyte began the quest for the
                  | Orb.
     0 | D:1      | Reached XP level 1. HP: 22/22 MP: 1/1
    69 | D:1      | Found Keingaum's Assorted Antiques.
   414 | D:1      | Reached XP level 2. HP: 28/29 MP: 2/2
   967 | D:2      | Reached XP level 3. HP: 33/36 MP: 3/3
   979 | D:2      | Reached skill level 1 in Dodging
  1111 | D:2      | Reached skill level 4 in Unarmed Combat
  1294 | D:2      | Reached XP level 4. HP: 44/44 MP: 4/4
  1802 | D:1      | Bought a scroll labelled GIAMIU WADIENG for 25 gold pieces
  1875 | D:3      | Noticed Robin
  1900 | D:3      | Killed Robin
  2041 | D:3      | Found Awniam's Book Boutique.
  2362 | D:3      | Reached XP level 5. HP: 26/53 MP: 5/5
  2416 | D:3      | Noticed Ijyb
  2425 | D:3      | Killed Ijyb
  2824 | D:4      | Reached skill level 5 in Unarmed Combat
  2910 | D:4      | Noticed a water moccasin
  2917 | D:4      | Killed a water moccasin
  2918 | D:4      | Reached XP level 6. HP: 55/61 MP: 6/6
  2981 | D:4      | Found a staircase to the Ecumenical Temple.
  3086 | D:4      | Found a runed translucent door.
  3088 | D:4      | Noticed Adrian566's ghost (amateur DsFi)
  3178 | D:4      | Killed Adrian566's ghost
  3179 | D:4      | Reached skill level 6 in Unarmed Combat
  3179 | D:4      | Reached XP level 7. HP: 32/70 MP: 7/7
  3851 | D:4      | Found a runed translucent door.
  4024 | D:5      | Entered Level 5 of the Dungeon
  4080 | D:5      | Reached skill level 7 in Unarmed Combat
  4480 | D:5      | Reached XP level 8. HP: 77/79 MP: 8/8
  4924 | D:6      | Found Getoer's Armour Boutique.
  4929 | D:6      | Bought a +1 cloak for 149 gold pieces
  4957 | D:6      | Noticed a troll
  4969 | D:6      | Noticed Eustachio
  4990 | D:6      | HP: 1/79 [killer bee zombie (3)]
  4990 | D:6      | Mangled by a gnoll shaman

Illustrated notes

Levels and vault maps discovered:
D:1:      dpeg_arrival_pits, layout_basic, serial_shops, nicolae_shop_crystal
D:2:      layout_basic
D:3:      layout_basic, serial_shops, shop, nrook_loot_triangle,
          kennysheep_generic_room_11, uniq_ijyb, uniq_robin
D:4:      kennysheep_kobold_camp, layout_loops_corners,
          minmay_temple_entry_mist, ebering_ghost_sewer_f
D:5:      layout_cave_pods
D:6:      cheibrodos_fzero, layout_loops_cross, serial_shops, shop,
          uniq_eustachio

Skill      XL: |  1  2  3  4  5  6  7  8 |
---------------+-------------------------+-----
Dodging        | 1 2 3 4 |  4.0
Unarmed Combat | 4 5 6 7 |  7.9
Fighting       | 3 4 |  4.9
Spellcasting   | |  1.0
Fire Magic     | |  2.1

Action                   |  1- 3 |  4- 6 |  7- 9 || total
-------------------------+-------+-------+-------++-------
Melee: Unarmed           |    88 |   145 |   159 ||   392
       Punch             |       |     5 |     3 ||     8
Invok: Foxfire Swarm     |       |     3 |       ||     3
       Rising Flame      |       |       |     1 ||     1
Evoke: Wand              |       |       |     4 ||     4
  Use: Scroll            |       |     3 |    10 ||    13
Armor: Robe              |    28 |    35 |    65 ||   128
Dodge: Dodged            |    39 |    60 |    81 ||   180

Table legend: (Time is in decaauts)
 A = Elapsed time spent in this place.
 B = Non-inter-level travel time spent in this place.
 C = Inter-level travel time spent in this place.
 D = Time resting spent in this place.
 E = Time spent auto-exploring this place.
 F = Levels seen in this place.
 G = Mean time per level.
                   A        B        C        D        E       F      G
               +--------+--------+--------+--------+--------+-----+--------+
         Total |   4952 |   4676 |    276 |    498 |   3410 |   6 |  825.3 |
       Dungeon |   4952 |   4676 |    276 |    498 |   3410 |   6 |  825.3 |
               +--------+--------+--------+--------+--------+-----+--------+

Top non-repeatable levels by time:
     D:4: 1310 daAuts
     D:2: 951 daAuts
     D:1: 891 daAuts
     D:5: 872 daAuts
     D:3: 841 daAuts
     D:6: 86 daAuts
